 Dungeon Crawl Stone Soup version 0.26.0-16-gc1dbca0489 (webtiles) character file.

Game seed: 13721792515715682416

112 Forgeling the Sneak (level 4, -9/32 HPs)
             Began as a Gnoll Enchanter on Jan 19, 2021.
             Mangled by an orc wizard
             ... wielding a +2 dagger of electrocution
              (20 damage)
             ... on level 3 of the Dungeon.
             The game lasted 00:10:45 (1478 turns).

Forgeling the Sneak (Gnoll Enchanter)               Turns: 1478, Time: 00:10:46

Health: -9/32      AC:  4    Str: 10    XL:     4   Next: 93%
Magic:  8/11       EV: 15    Int: 18    God:
Gold:   136        SH:  0    Dex: 16    Spells: 4/13 levels left

rFire    . . .     SeeInvis .   a - +1 dagger
rCold    . . .     Faith    .   (no shield)
rNeg     . . .     Spirit   .   b - +0 robe
rPois    .         Reflect  .   d - +1 helmet
rElec    .         Harm     .   (no cloak)
rCorr    .         Rampage  .   (no gloves)
Will     .....                  (no boots)
Stlth    +.........             (no amulet)
HPRegen  0.10/turn              (no ring)
MPRegen  0.12/turn              m - +4 ring of slaying

@: confused
A: distributed training, fangs 1, strong nose
a: no special abilities


You were on level 3 of the Dungeon.
You visited 1 branch of the dungeon, and saw 4 of its levels.

You collected 136 gold pieces.

Inventory:

Hand Weapons
 a - a +1 dagger (weapon)
Armour
 b - a +0 robe (worn)
 d - a +1 helmet (worn)
 g - a +0 helmet
Jewellery
 m - a +4 ring of slaying (right hand)
Scrolls
 c - 2 scrolls of amnesia
 e - 2 scrolls of enchant armour
 f - a scroll of immolation {unknown}
Potions
 h - 2 potions of cancellation {unknown}
 i - 2 potions of magic {unknown}
 j - a potion of might {unknown}
 B - a potion of brilliance
 I - 2 potions of invisibility
 J - 2 potions of curing {@q1}
 R - a potion of resistance


   Skills:
 + Level 1.2 Fighting
 + Level 2.8 Short Blades
 + Level 1.2 Long Blades
 + Level 1.2 Axes
 + Level 1.2 Maces & Flails
 + Level 1.2 Polearms
 + Level 1.2 Staves
 + Level 1.2 Slings
 + Level 1.2 Bows
 + Level 1.2 Crossbows
 + Level 1.2 Throwing
 + Level 1.2 Armour
 + Level 4.7 Dodging
 + Level 6.1 Stealth
 + Level 1.2 Shields
 + Level 1.2 Unarmed Combat
 + Level 5.1 Spellcasting
 + Level 1.0 Conjurations
 + Level 5.5 Hexes
 + Level 1.0 Summonings
 + Level 1.0 Necromancy
 + Level 1.0 Translocations
 + Level 1.0 Transmutations
 + Level 1.0 Fire Magic
 + Level 1.0 Ice Magic
 + Level 1.0 Air Magic
 + Level 1.0 Earth Magic
 + Level 1.0 Poison Magic
 + Level 1.4 Invocations
 + Level 1.2 Evocations


You had 4 spell levels left.
You knew the following spells:

 Your Spells              Type           Power        Failure   Level
a - Corona                Hex            26%          1%          1
b - Tukima's Dance        Hex            24%          4%          3
g - Ensorcelled Hibernat  Hex/Ice        32%          5%          2
h - Confusing Touch       Hex            24%          4%          3

Your spell library contained the following spells:

 Spells                   Type           Power        Failure   Level
 Dazzling Flash           Conj/Hex       32%          11%         3


Dungeon Overview and Level Annotations

Branches:
Dungeon (4/15)
 Temple: D:4-7

Altars:
The Shining One


Innate Abilities, Weirdness & Mutations

Your experience applies equally to all skills.
You have very sharp teeth.
Your uncanny sense of smell can sniff out nearby items.


Message History

The jackal is heavily wounded.
You closely miss the jackal.
The jackal is heavily wounded.
You closely miss the jackal.
The jackal is heavily wounded.
You hit the jackal.
You kill the jackal!
You barely miss the jackal. You hit the jackal.
The jackal is almost dead.
You hit the jackal.
You kill the jackal!
You hear some strange, mumbled words.
You are confused.
You bump into the rock wall.
You hit something. Something hits you.
* * * LOW HITPOINT WARNING * * *
You are electrocuted!!
Ouch! That really hurt!
You die...

#############.###
#.......# #.#
#.......# #.#
#.####### #.# #.#
#.# #.# #.# #.#
#.#####.#
#.##..#.#
#@##..#.#
#.....#.#
####.##.# #.##.#
#.##.# #.##.#
#.##.# #.##.#
#.##.#


There were no monsters in sight!

Vanquished Creatures
  Robin (D:1)
  2 adders
  2 oozes
  2 worms
  A dart slug (D:1)
  2 leopard geckos (D:2)
  An orc (D:3)
  A ball python (D:1)
  A giant cockroach (D:1)
  8 goblins (D:2)
  8 hobgoblins
  6 jackals
  2 quokkas (D:2)
  9 bats
  3 frilled lizards
  7 kobolds
  7 rats
63 creatures vanquished.

Notes
Turn   | Place    | Note
-------+----------+-------------------------------------------
     0 | D:1      | Forgeling the Gnoll Enchanter began the quest for the Orb.
     0 | D:1      | Reached XP level 1. HP: 13/13 MP: 6/6
    96 | D:1      | Reached XP level 2. HP: 15/19 MP: 5/7
   166 | D:1      | Learned a level 2 spell: Ensorcelled Hibernation
   273 | D:1      | Found a glowing golden altar of the Shining One.
   464 | D:2      | Reached XP level 3. HP: 25/25 MP: 9/9
   465 | D:2      | Reached skill level 5 in Spellcasting
   474 | D:2      | Noticed Robin
   486 | D:1      | Killed Robin
   487 | D:1      | Reached skill level 6 in Stealth
   487 | D:1      | Reached skill level 1 in Invocations
   590 | D:2      | Learned a level 3 spell: Confusing Touch
   594 | D:2      | Learned a level 3 spell: Tukima's Dance
   706 | D:2      | Reached skill level 1 in Fighting
   706 | D:2      | Reached skill level 1 in Long Blades
   706 | D:2      | Reached skill level 1 in Axes
   706 | D:2      | Reached skill level 1 in Maces & Flails
   706 | D:2      | Reached skill level 1 in Polearms
   706 | D:2      | Reached skill level 1 in Staves
   706 | D:2      | Reached skill level 1 in Slings
   706 | D:2      | Reached skill level 1 in Bows
   706 | D:2      | Reached skill level 1 in Crossbows
   706 | D:2      | Reached skill level 1 in Throwing
   706 | D:2      | Reached skill level 1 in Armour
   706 | D:2      | Reached skill level 1 in Shields
   706 | D:2      | Reached skill level 1 in Unarmed Combat
   706 | D:2      | Reached skill level 1 in Evocations
   735 | D:2      | Reached XP level 4. HP: 32/32 MP: 8/11
  1227 | D:3      | Reached skill level 1 in Conjurations
  1227 | D:3      | Reached skill level 1 in Summonings
  1227 | D:3      | Reached skill level 1 in Necromancy
  1227 | D:3      | Reached skill level 1 in Translocations
  1227 | D:3      | Reached skill level 1 in Transmutations
  1227 | D:3      | Reached skill level 1 in Fire Magic
  1227 | D:3      | Reached skill level 1 in Ice Magic
  1227 | D:3      | Reached skill level 1 in Air Magic
  1227 | D:3      | Reached skill level 1 in Earth Magic
  1227 | D:3      | Reached skill level 1 in Poison Magic
  1478 | D:3      | Mangled by an orc wizard

Illustrated notes

Levels and vault maps discovered:
D:1:      dpeg_arrival_rooms_b, layout_loops_ring, tso_altar
D:2:      layout_loops_corners, chequers_temple_overflow_statue_of_worship,
          minmay_hexomino_f4, uniq_robin
D:3:      layout_basic
D:4:      layout_cave_pools, elyvilon_altar_1

Skill      XL: |  1  2  3  4 |
---------------+-------------+-----
Spellcasting   | 5 |  5.1
Stealth        | 6 |  6.1
Invocations    | 1 |  1.4
Fighting       | 1 |  1.2
Long Blades    | 1 |  1.2
Axes           | 1 |  1.2
Maces & Flails | 1 |  1.2
Polearms       | 1 |  1.2
Staves         | 1 |  1.2
Slings         | 1 |  1.2
Bows           | 1 |  1.2
Crossbows      | 1 |  1.2
Throwing       | 1 |  1.2
Armour         | 1 |  1.2
Shields        | 1 |  1.2
Unarmed Combat | 1 |  1.2
Evocations     | 1 |  1.2
Conjurations   | 1 |  1.0
Summonings     | 1 |  1.0
Necromancy     | 1 |  1.0
Translocations | 1 |  1.0
Transmutations | 1 |  1.0
Fire Magic     | 1 |  1.0
Ice Magic      | 1 |  1.0
Air Magic      | 1 |  1.0
Earth Magic    | 1 |  1.0
Poison Magic   | 1 |  1.0
Short Blades   | |  2.8
Dodging        | |  4.7
Hexes          | |  5.5

Action                   |  1- 3 |  4- 6 || total
-------------------------+-------+-------++-------
Melee: Dagger            |    69 |    51 ||   120
       Bite              |     3 |     3 ||     6
 Cast: Corona            |     9 |       ||     9
       Ensorcelled Hiber |     8 |    14 ||    22
       Confusing Touch   |       |     1 ||     1
  Use: Scroll            |     3 |     7 ||    10
 Stab: Sleeping          |    15 |    15 ||    30
Armor: Robe              |     7 |     8 ||    15
Dodge: Dodged            |    42 |    48 ||    90
